Map: Inside and Out

Players

DisReSpeCT

  • Race: Terran Terran
  • Spawn Location: 1:00

JonSnow - Winner!

  • Race: Zerg Zerg
  • Spawn Location: 7:00

Event: DreamHack SC2 Masters 2022 Atlanta (Offline)

VOD

Have the link to the VOD?

Description

Time

  • Played on: Nov. 18, 2022, 3 p.m.
  • Length: 17:51

All games in this series

Show
View Real Time Build Order
Export as new Build Order

DisReSpeCT Terran 

Build Orders: Reaper Expand 

Get SALT Encoding   

  12  0:00  SCV  
  13  0:12  SCV  
  14  0:17  Supply Depot  
  14  0:24  SCV  
  15  0:38  SCV  
  15  0:39  Barracks  
  16  0:44  Refinery  
  16  0:50  SCV  
  17  1:02  SCV  
  18  1:15  SCV  
  19  1:26  Reaper  
  19  1:27  Orbital Command  
  20  1:37  Command Center  
  20  1:45  Supply Depot  
  20  1:52  SCV  
  21  1:58  Marine  
  22  2:05  SCV  
  23  2:08  Factory  
  23  2:17  SCV  
  24  2:25  Barracks Reactor  
  24  2:29  SCV  
  25  2:37  Command Center  
  25  2:41  SCV  
  26  3:01  SCV  
  26  3:04  Orbital Command  
  27  3:14  SCV  
  28  3:26  SCV  
  29  3:32  SCV  
  30  3:34  Hellion x2, Barracks Tech Lab  
  30  3:38  SCV  
  35  3:47  SCV  
  36  3:49  Orbital Command  
  36  3:50  SCV  
  36  3:52  Refinery  
  36  3:53  Refinery  
  36  3:54  Marine  
  38  3:57  Stimpack  
  38  3:59  SCV  
  44  4:02  SCV  
  44  4:07  Barracks  
  40  4:10  Barracks  
  40  4:11  SCV  
  40  4:14  SCV  
  40  4:15  Factory Reactor  
  40  4:17  Marine  
  42  4:18  SCV  
  42  4:23  SCV  
  45  4:27  SCV  
  45  4:30  SCV  
  47  4:31  Engineering Bay  
  47  4:33  Engineering Bay  
  47  4:36  SCV, Marine  
  49  4:38  Supply Depot  
  49  4:39  SCV  
  49  4:42  SCV  
  51  4:48  SCV  
  51  4:49  Supply Depot  
  51  4:51  SCV  
  53  4:54  SCV, Marine  
  53  4:57  Marine  
  53  4:58  Marine  
  57  5:00  Starport  
  57  5:01  Terran Infantry Armor Level 1, Terran Infantry Weapons Level 1  
  57  5:02  SCV  
  57  5:03  SCV, Factory Reactor  
  57  5:06  SCV  
  60  5:07  Marine x2  
  60  5:11  Marine  
  63  5:14  SCV  
  63  5:15  SCV  
  63  5:16  Supply Depot, Marine x2  
  63  5:18  SCV  
  68  5:26  SCV  
  68  5:27  SCV  
  70  5:28  Barracks  
  70  5:29  Barracks  
  70  5:32  Marine  
  70  5:35  Orbital Command  
  71  5:38  SCV  
  71  5:39  SCV, Combat Shield, Marine x3  
  76  5:45  Marine  
  76  5:46  Factory Tech Lab  
  76  5:47  Medivac x2  
  81  5:50  SCV, Marine  
  81  5:51  SCV  
  84  5:59  Supply Depot  
  84  6:00  Marine x2  
  84  6:03  SCV x2  
  84  6:04  Supply Depot  
  88  6:05  SCV  
  88  6:06  Armory  
  89  6:13  Marine x2  
  89  6:15  SCV x2  
  89  6:17  Barracks Reactor x2  
  93  6:21  SCV  
  93  6:22  Siege Tank, Marine x2  
  93  6:24  Medivac  
  101  6:27  SCV  
  101  6:28  SCV  
  101  6:29  Supply Depot  
  101  6:31  Supply Depot  
  103  6:32  Marine  
  103  6:33  Marine x2  
  103  6:36  Medivac  
  103  6:37  SCV  
  109  6:41  Refinery x2  
  109  6:44  Marine x2  
  109  6:46  SCV x2  
  108  6:49  Refinery  
  108  6:50  SCV  
  108  6:52  Marine x3  
  112  6:55  Terran Infantry Weapons Level 2  
  112  6:57  Marine x4  
  112  6:58  SCV  
  112  6:59  SCV  
  112  7:00  Supply Depot  
  118  7:02  SCV, Marine x2  
  118  7:03  Supply Depot  
  121  7:10  SCV  
  121  7:11  SCV, Marine x2  
  125  7:16  Terran Infantry Armor Level 2  
  125  7:22  SCV x2, Marine x3  
  130  7:23  SCV  
  131  7:32  Marine x2  
  131  7:33  Siege Tank, Marine x4  
  140  7:41  Marine  
  141  7:47  Marine x2  
  141  7:48  Medivac x2  
  141  7:50  Marine x3  
  141  7:54  Command Center  
  141  7:57  Terran Vehicle Weapons Level 1, Supply Depot  
  141  7:58  Factory  
  141  8:07  Supply Depot  
  141  8:08  Supply Depot  
  141  8:16  Supply Depot  
  141  8:17  Supply Depot  
  141  8:19  SCV, Siege Tank, Marine x9  
  156  8:20  SCV x2  
  156  8:21  Supply Depot  
  156  8:22  Supply Depot  
  156  8:31  SCV  
  156  8:32  SCV x2  
  159  8:37  Marine x2  
  159  8:43  SCV  
  159  8:44  Supply Depot x2  
  159  8:46  Supply Depot  
  159  8:55  Marine  
  153  8:56  Marauder  
  153  8:57  SCV, Factory Tech Lab  
  153  8:58  SCV x2  
  153  8:59  Marine x2  
  153  9:00  Marine x2  
  163  9:11  Marine  
  163  9:12  Marine x2  
  163  9:13  Marine  
  167  9:17  Marauder  
  166  9:24  Terran Infantry Weapons Level 3, Marine x4  
  166  9:25  Siege Tank x2  
  166  9:28  SCV  
  166  9:29  Marine x3  
  169  9:42  SCV x3  
  169  9:43  Marine x3  
  169  9:44  Marauder, Marine x2  
  179  9:47  Marine x2  
  179  9:50  Barracks x2  
  179  9:51  Barracks  
  181  10:11  Terran Infantry Armor Level 3, SCV  
  181  10:12  Planetary Fortress  
  170  10:26  Marauder, Marine x7  
  170  10:27  Siege Tank x2  
  185  10:28  SCV x2  
  185  10:29  SCV  
  185  10:35  Command Center x2  
  188  10:40  SCV, Barracks Tech Lab x3, Marine  
  188  10:44  Refinery, Marine x4  
  188  10:48  Marauder  
  183  10:59  Siege Tank x2  
  183  11:01  Marauder x3, Marine x4  
  183  11:02  Marine x4  
  149  11:04  SCV x2  
  149  11:09  Ghost Academy, Refinery, Marauder  
  153  11:15  SCV  
  153  11:18  Supply Depot, Medivac  
  154  11:19  Marine x4  
  154  11:22  Marauder  
  154  11:23  Marauder x2  
  165  11:30  Marauder  
  165  11:31  Siege Tank x2  
  173  11:39  Marine x8  
  177  11:44  Concussive Shells, Marauder, Marine x2  
  177  11:45  Personal Cloaking  
  181  11:51  Marine  
  169  11:57  Marine x4  
  173  12:02  Marauder x2  
  173  12:03  Siege Tank x2  
  173  12:06  Marine x2  
  173  12:07  Marauder, Marine x2  
  189  12:10  Marauder  
  189  12:12  Command Center  
  189  12:14  Marine  
  189  12:15  Marine x2  
  194  12:16  Command Center  
  194  12:17  Marine  
  194  12:18  Medivac x2  
  199  12:24  Marine  
  167  12:56  Marauder  
  163  13:01  Marine, Ghost x3  
  163  13:02  Siege Tank, Marine x7  
  163  13:03  Medivac x2, Siege Tank  
  181  13:17  Marine  
  181  13:19  Marine  
  182  13:26  Marine  
  150  13:27  Marine x6  
  150  13:30  Marauder x2, Marine  
  145  13:34  Marine  
  145  13:35  Siege Tank x2  
  145  13:37  Orbital Command, Marine  
  153  13:44  Marine  
  153  13:45  Marine x4  
  153  13:47  Ghost  
  160  13:51  Ghost x2  
  162  14:07  Siege Tank x2  
  145  14:20  Marauder x2, Marine x9  
  118  14:38  Marauder, Marine x3  
  118  14:39  Medivac x2, Marauder, Marine x5, Siege Tank x2  
  118  14:41  SCV x3, Marauder, Marine  
  141  14:50  Orbital Command  
  138  14:53  SCV  
  138  14:56  Marine x3  
  138  14:58  Orbital Command  
  138  14:59  Marauder, Marine  
  144  15:00  Marauder  
  144  15:02  Marine x2  
  144  15:03  Marauder  
  149  15:07  SCV x2  
  150  15:16  SCV  
  150  15:19  SCV x2  
  153  15:22  Ghost x2  
  153  15:23  Marine x8, Ghost  
  153  15:24  Siege Tank x2  
  173  15:34  Ghost  
  172  15:41  Marine x2  
  172  15:42  Engineering Bay  
  173  15:43  Engineering Bay  
  173  15:46  Sensor Tower  
  168  15:50  Ghost x2  
  149  16:03  Marine, Ghost x2  
  149  16:04  Siege Tank, Marine x7  
  133  16:12  Medivac  
  135  16:19  Ghost x2  
  135  16:21  Marine x2  
  141  16:31  Ghost  
  141  16:32  Marauder, Marine x3  
  146  16:33  Marine x3  
  151  16:47  Ghost  
  139  17:05  Marauder x2, Marine  
  141  17:13  Orbital Command  
  124  17:35  SCV x2  
Show
View Real Time Build Order
Export as new Build Order

JonSnow Zerg - Winner!

Build Orders: Hatch First 

Get SALT Encoding   

  12  0:01  Drone  
  13  0:12  Overlord  
  13  0:16  Drone  
  14  0:30  Drone x2  
  16  0:48  Hatchery  
  15  0:53  Drone  
  16  1:04  Drone  
  16  1:05  Drone  
  16  1:08  Extractor  
  17  1:13  Spawning Pool  
  17  1:17  Drone  
  17  1:20  Drone  
  18  1:32  Drone  
  19  1:44  Overlord  
  19  1:51  Drone  
  20  2:00  Queen x2  
  20  2:01  Zergling x4  
  25  2:08  Metabolic Boost  
  26  2:10  Drone  
  26  2:13  Zergling x2  
  28  2:23  Extractor  
  28  2:25  Drone x2  
  30  2:38  Hatchery  
  28  2:48  Drone x4  
  32  2:56  Drone x2  
  34  3:03  Drone  
  35  3:07  Overlord  
  35  3:10  Queen, Extractor  
  35  3:18  Overlord  
  35  3:26  Queen  
  37  3:31  Drone x4  
  41  3:37  Drone x2  
  43  3:46  Queen  
  44  3:48  Drone  
  44  3:49  Drone  
  44  3:50  Queen  
  44  3:53  Drone  
  49  3:56  Drone  
  49  3:58  Drone x3  
  53  4:03  Drone x2  
  53  4:04  Overlord  
  53  4:08  Lair  
  55  4:11  Drone x2  
  58  4:17  Zergling x2  
  58  4:20  Overlord  
  58  4:22  Queen  
  60  4:25  Zergling x6  
  63  4:31  Baneling Nest  
  63  4:34  Drone  
  63  4:35  Drone x3  
  66  4:39  Overlord  
  66  4:40  Queen  
  66  4:45  Drone x3  
  69  4:46  Drone  
  72  4:56  Overlord  
  72  4:57  Drone x2  
  74  5:00  Drone x2  
  74  5:01  Drone  
  74  5:06  Evolution Chamber  
  76  5:07  Evolution Chamber  
  76  5:09  Spore Crawler, Overseer  
  76  5:12  Drone x5  
  76  5:13  Drone  
  80  5:19  Overlord  
  80  5:22  Centrifugal Hooks  
  79  5:29  Hatchery  
  79  5:30  Overlord  
  79  5:31  Drone x2  
  79  5:32  Zerg Melee Weapons Level 1  
  80  5:38  Zerg Ground Armor Level 1, Extractor  
  80  5:39  Extractor  
  78  5:46  Drone  
  79  5:52  Zergling x14, Hatchery  
  85  5:57  Zergling x10  
  85  5:58  Baneling  
  85  5:59  Baneling  
  85  6:02  Drone  
  85  6:03  Drone  
  92  6:05  Baneling x4  
  92  6:14  Zergling x2  
  92  6:15  Zergling x10  
  98  6:19  Overlord  
  98  6:20  Drone  
  98  6:23  Drone  
  98  6:24  Baneling x3  
  98  6:25  Hatchery  
  99  6:28  Zergling x4  
  99  6:32  Queen  
  103  6:35  Baneling x4  
  103  6:45  Drone x7  
  108  6:57  Drone x9  
  117  7:09  Overlord  
  117  7:11  Queen  
  117  7:13  Hatchery  
  118  7:16  Zergling x14  
  118  7:21  Zergling x4  
  126  7:23  Baneling x5  
  126  7:28  Zerg Melee Weapons Level 2  
  126  7:29  Zergling x16  
  134  7:32  Infestation Pit  
  133  7:43  Zergling x2  
  133  7:44  Zergling x4  
  132  7:49  Overlord x2  
  132  7:50  Zerg Ground Armor Level 2  
  121  7:56  Zergling x12  
  121  7:57  Zergling x12  
  130  8:04  Zergling x2  
  130  8:05  Zergling x2  
  132  8:08  Overlord  
  132  8:10  Overlord x3  
  132  8:12  Overlord x3  
  132  8:13  Hydralisk Den  
  132  8:14  Hatchery  
  132  8:15  Queen  
  132  8:17  Zergling x4  
  137  8:20  Drone x3  
  137  8:22  Spore Crawler, Spine Crawler  
  137  8:25  Baneling x2  
  137  8:28  Baneling x6  
  137  8:29  Hatchery  
  137  8:31  Zergling x14  
  143  8:37  Zergling x2  
  143  8:38  Hive  
  141  8:43  Zergling x12  
  141  8:44  Burrow  
  145  8:51  Zergling x18  
  144  9:05  Zergling x16  
  144  9:07  Zergling x6  
  154  9:11  Baneling x6  
  154  9:14  Zergling x2  
  154  9:15  Zergling x2  
  154  9:16  Extractor  
  155  9:21  Grooved Spines  
  153  9:25  Hydralisk x7  
  156  9:37  Zergling x16  
  150  9:45  Hydralisk x5  
  152  9:48  Zergling x2, Extractor x2  
  152  9:49  Zergling x4  
  157  9:55  Extractor  
  157  9:56  Zergling x12  
  157  9:59  Hatchery  
  161  10:04  Baneling x8  
  161  10:05  Zergling x14  
  161  10:06  Baneling x2  
  161  10:07  Baneling  
  168  10:10  Overseer  
  166  10:14  Zergling x10  
  167  10:22  Zergling x10  
  172  10:30  Zergling x4  
  172  10:31  Zergling x18  
  172  10:33  Muscular Augments  
  172  10:34  Zerg Melee Weapons Level 3  
  183  10:39  Hatchery  
  182  10:43  Zerg Ground Armor Level 3  
  182  10:44  Drone x3  
  182  10:45  Drone  
  182  10:46  Drone x2  
  182  10:47  Drone x3  
  166  10:57  Zergling x8  
  166  11:00  Zergling x20  
  158  11:10  Baneling x5  
  158  11:11  Baneling  
  158  11:15  Drone x8  
  158  11:16  Drone x3  
  161  11:29  Zergling x26  
  155  11:40  Viper x2  
  155  11:44  Zergling x22  
  155  11:46  Baneling  
  155  11:47  Baneling x4  
  169  11:56  Baneling x4  
  169  11:57  Adrenal Glands  
  169  12:01  Overlord  
  169  12:02  Drone x4  
  169  12:03  Drone x2  
  169  12:04  Zergling x8  
  169  12:05  Baneling x4  
  169  12:07  Baneling x3  
  178  12:09  Baneling x4  
  178  12:16  Zergling x2  
  178  12:17  Zergling x16  
  178  12:22  Overlord  
  187  12:24  Drone, Spine Crawler  
  187  12:25  Drone x3  
  187  12:26  Spore Crawler  
  187  12:27  Baneling x6  
  188  12:30  Zergling x6  
  188  12:31  Zergling x2  
  188  12:33  Baneling x6  
  188  12:36  Baneling x3  
  190  12:41  Zergling x16  
  173  12:53  Zergling x12  
  173  12:54  Zergling x22  
  173  12:57  Zergling x6  
  171  13:02  Hydralisk x3  
  171  13:03  Zergling x2, Baneling  
  171  13:04  Baneling x2  
  171  13:05  Hydralisk  
  180  13:06  Zergling x2  
  180  13:12  Zerg Missile Weapons Level 1  
  180  13:13  Zergling x12  
  183  13:24  Zergling x14  
  170  13:28  Zergling x4  
  170  13:31  Zergling x8  
  170  13:32  Zergling x8  
  172  13:37  Zergling x2  
  173  13:47  Hydralisk x4  
  181  13:50  Baneling x19  
  181  14:00  Zergling x2  
  181  14:01  Zergling x26  
  180  14:18  Zergling x2  
  180  14:19  Zergling x36  
  192  14:31  Zergling x12  
  183  14:33  Zergling x14  
  182  14:39  Zergling x2  
  182  14:40  Zergling x6  
  185  14:45  Baneling x3  
  185  14:46  Baneling x7  
  171  14:52  Zergling x2  
  171  14:53  Zergling x16  
  171  14:56  Zergling x8  
  172  15:01  Zergling x2  
  172  15:02  Zergling x4  
  172  15:06  Zergling x2  
  172  15:07  Zergling x6, Baneling x10  
  177  15:08  Zerg Missile Weapons Level 2  
  177  15:11  Hydralisk x3  
  177  15:12  Zergling x12  
  188  15:24  Zergling x14  
  195  15:30  Hydralisk x3  
  195  15:32  Spire  
  196  15:46  Hydralisk  
  196  15:47  Hydralisk x2  
  168  16:00  Zergling x46  
  178  16:09  Pathogen Glands  
  177  16:16  Zergling x14  
  184  16:21  Baneling  
  184  16:22  Baneling x2  
  184  16:32  Baneling x20  
  184  16:34  Overseer  
  184  16:46  Zergling x30  
  171  17:02  Zergling x28  
  171  17:03  Zergling x12  
  176  17:08  Zergling x2  
  176  17:09  Zergling x10  
  176  17:11  Baneling x20  
  179  17:16  Zergling x10  
  179  17:22  Zergling x8  
  178  17:24  Zergling x2  
  178  17:25  Zergling x4  
  161  17:30  Zergling x10  
Tags
 
Add a new tag
Caveats
  • Supply blocks, unpowered buildings, or Contaminate may cause inaccurate times.
  • Supply counts are checked every 10 seconds.